 Dungeon Crawl Stone Soup version 0.18-a0-1577-gf591c28 (webtiles) character file.

224 Ijustatesigmund the Insei (level 6, 0/42 HPs)
             Began as an Octopode Transmuter on Mar 18, 2016.
             Slain by a quasit (2 damage)
             ... on level 8 of the Dungeon.
             The game lasted 00:08:52 (3880 turns).

Ijustatesigmund the Insei (Octopode Transmuter)     Turns: 3880, Time: 00:08:52

Health: 0/42       AC:  1    Str: 11      XL:     6   Next: 0%
Magic:  3/9        EV: 12    Int: 16      God:
Gold:   145        SH:  0    Dex:  7 (12) Spells: 3 memorised, 3 levels left

rFire  . . .     SeeInvis .       - Unarmed
rCold  . . .     Gourm    .     (no shield)
rNeg   . . .     Faith    .     (helmet restricted)
rPois  .         Spirit   .     (no amulet)
rElec  .         Dismiss  .     (no ring)
rCorr  .         Reflect  .     (no ring)
SustAt .         Harm     .     (no ring)
MR     .....     Clarity  +     (no ring)
Stlth  ++........               (no ring)
                                (no ring)
                                (no ring)
                                (no ring)

@: lethally poisoned (0 -> -4), not resistant to hostile enchantments,
unstealthy
A: almost no armour, amphibious, 8 rings, constrict 8, tentacle spike 1,
camouflage 1, clarity, regeneration 1, gelatinous body 1
a: no special abilities


You were on level 8 of the Dungeon.
You were hungry.

You visited 1 branch of the dungeon, and saw 6 of its levels.

You collected 145 gold pieces.

Inventory:

Missiles
 a - 29 arrows
 l - 5 tomahawks (quivered)
Wands
 d - a wand of flame (23/48)
Scrolls
 e - 2 scrolls of fog
 k - a scroll of remove curse
Potions
 m - a potion of might {unknown}
Books
 b - a book of Changes

   Spells                             Type                      Level
   a - Beastly Appendage              Transmutation                1
   b - Sticks to Snakes               Transmutation                2
   c - Spider Form                    Transmutation/Poison         3
   d - Ice Form                       Ice/Transmutation            4
   e - Blade Hands                    Transmutation                5
Comestibles
 c - 4 bread rations
 h - a meat ration
 j - a slice of pizza


   Skills:
 + Level 3.2 Fighting
 - Level 2.0 Dodging
 + Level 4.6 Unarmed Combat
 - Level 2.0 Spellcasting
 + Level 2.6 Transmutations
 - Level 2.4 Poison Magic


You had 3 spell levels left.
You knew the following spells:

 Your Spells              Type           Power        Failure   Level  Hunger
a - Beastly Appendage     Trmt           ##....       10%         1    #......
b - Sticks to Snakes      Trmt           ##......     12%         2    ###....
c - Spider Form           Trmt/Pois      #.........   21%         3    ###....


Dungeon Overview and Level Annotations

Branches:
Dungeon (8/15)
 Temple: D:4-7         Lair: D:8-11

Altars:
Okawaru
Vehumet

Annotations:
D:2 Robin
D:3 Terence


Innate Abilities, Weirdness & Mutations

You cannot wear most types of armour.
You are amphibious.
You can wear up to eight rings at the same time.
You can use your tentacles to constrict eight enemies at once.
Your skin changes colour to match your surroundings (Stealth).
Your rubbery body absorbs attacks (AC +1).
One of your tentacles bears a spike.
You possess an exceptional clarity of mind.
Your natural rate of healing is unusually fast.


Message History

* * * LOW HITPOINT WARNING * * *
You feel clumsy. The quasit misses you. The quasit claws you.
* * * LOW HITPOINT WARNING * * *
You feel clumsy. The quasit barely misses you.
You closely miss the quasit. Your grab misses the quasit.
Your tentacle spike misses the quasit.
The quasit is severely wounded.
* * * LOW HITPOINT WARNING * * *
You feel sick. The quasit completely misses you.
The quasit claws you but does no damage.
The quasit claws you.
* * * LOW HITPOINT WARNING * * *
You feel clumsy.
You barely miss the quasit. Your grab misses the quasit.
The quasit is severely wounded.
* * * LOW HITPOINT WARNING * * *
You feel sick. The quasit barely misses you. The quasit claws you.
You die...

... ..#
..# #.#
... #.# #
#.###....
#@...#
#5.......
........#
...##$##.#
###.. .# #
#.. # #..
#..#


You could see a quasit.

Vanquished Creatures
  A hound (D:4)
  An orc priest (D:3)
  2 orc wizards (D:4)
  An adder (D:3)
  A worm (D:4)
  4 dart slugs
  2 giant geckos
  11 orcs
  5 giant cockroaches
  6 goblins
  6 hobgoblins
  9 jackals
  3 quokkas
  A ball python (D:2)
  4 bats
  A giant newt (D:1)
  5 kobolds
  7 rats
70 creatures vanquished.

Vanquished Creatures (collateral kills)
  4 orcs (D:3)
4 creatures vanquished.

Grand Total: 74 creatures vanquished

Notes
Turn   | Place    | Note
--------------------------------------------------------------
     0 | D:1      | Ijustatesigmund the Octopode Transmuter began the quest for the Orb.
     0 | D:1      | Reached XP level 1. HP: 13/13 MP: 3/3
   164 | D:1      | Reached XP level 2. HP: 18/18 MP: 5/5
   168 | D:1      | Learned a level 2 spell: Sticks to Snakes
   381 | D:1      | Reached XP level 3. HP: 11/24 MP: 6/6
   387 | D:1      | Learned a level 3 spell: Spider Form
  1220 | D:2      | Reached skill level 1 in Poison Magic
  1901 | D:2      | Noticed Robin
  1994 | D:3      | Reached XP level 4. HP: 28/30 MP: 7/7
  2077 | D:3      | Found an iron altar of Okawaru.
  2186 | D:3      | Reached skill level 4 in Unarmed Combat
  2277 | D:3      | Reached XP level 5. HP: 7/35 MP: 2/8
  2567 | D:3      | Noticed Terence
  2857 | D:4      | Found a radiant altar of Vehumet.
  3182 | D:4      | HP: 1/36 [orc/war axe (3)]
  3578 | D:4      | Reached XP level 6. HP: 22/42 MP: 7/9
  3854 | D:4      | You fall through a shaft for 3 floors!
  3877 | D:8      | Gained mutation: One of your tentacles bears a spike. [potion of mutation]
  3877 | D:8      | Gained mutation: Your natural rate of healing is unusually fast. [potion of mutation]
  3877 | D:8      | Gained mutation: You possess an exceptional clarity of mind. [potion of mutation]
  3879 | D:8      | HP: 2/42 [quasit (2)]
  3880 | D:8      | Slain by a quasit

Vault maps used:
D:1:      evilmike_arrival_fibonacci_small, minmay_vboxes
D:2:      uniq_robin
D:3:      corexii_corridor_pit, okawaru_ov_weapons_minmay, uniq_terence
D:4:      vehumet_altar_wand_db
D:7:      kennysheep_seaside_town, uniq_pikel, uniq_prince_ribbit1

Skill      XL: |  1  2  3  4  5 |
---------------+----------------+-----
Fighting       | 2 3 |  3.2
Poison Magic   | 1 2 |  2.4
Unarmed Combat | 4 |  4.6
Dodging        | |  2.0
Spellcasting   | |  2.0
Transmutations | |  2.6

Action                   |  1- 3 |  4- 6 || total
-------------------------+-------+-------++-------
Melee: Unarmed           |   111 |    69 ||   180
 Cast: Beastly Appendage |     4 |     5 ||     9
       Sticks to Snakes  |       |     9 ||     9
       Spider Form       |       |     4 ||     4
  Use: Scroll            |     4 |     5 ||     9
       Potion            |     1 |     3 ||     4
 Stab: Sleeping          |     4 |     4 ||     8
       Distracted        |     1 |       ||     1
  Eat: Chunk             |     2 |     5 ||     7
       Beef jerky        |     1 |     1 ||     2
